 Dungeon Crawl Stone Soup version 0.25-a0-35-g747a2b3c0c (webtiles) character file.

Game seed: 951136547653529164, levelgen mode: deterministic

1297 Chiseanne the Magician (level 8, -8/52 HPs)
             Began as a Demonspawn Wizard on Oct 19, 2019.
             Was a Follower of Vehumet.
             Mangled by an orc warrior
             ... wielding a +2 vampiric halberd
              (11 damage)
             ... on level 7 of the Dungeon.
             The game lasted 00:14:24 (7465 turns).

Chiseanne the Magician (Demonspawn Wizard)          Turns: 7465, Time: 00:14:25

Health: -8/52      AC:  2    Str:  8    XL:     8   Next: 31%
Magic:  4/17       EV: 12    Int: 22    God:    Vehumet [*.....]
Gold:   281        SH:  3    Dex: 11    Spells: 10/19 levels left

rFire    . . .     SeeInvis .   x - +1 battleaxe (chop)
rCold    + . .     Gourm    .   (shield currently unavailable)
rNeg     . . .     Faith    .   c - +0 robe {rC+}
rPois    .         Spirit   .   b - +0 hat
rElec    .         Reflect  +   (no cloak)
rCorr    +         Harm     .   (no gloves)
MR       .....                  (no boots)
Stlth    ++........             s - +3 amulet of reflection
HPRegen  0.17/turn              B - ring of resist corrosion
MPRegen  0.15/turn              (no ring)

@: no status effects
A: claws 1, powered by death 2, sturdy frame 1
a: Renounce Religion


You were on level 7 of the Dungeon.
You worshipped Vehumet.
Vehumet was aware of your devotion.
You were not hungry.

You visited 2 branches of the dungeon, and saw 8 of its levels.
You also visited: Sewer.

You collected 281 gold pieces.

Inventory:

Hand Weapons
 h - a +0 club
 o - a +0 long sword
 x - a +1 battleaxe of chopping (weapon)
Missiles
 e - 49 bolts
 j - 131 arrows
 k - 46 sling bullets
 m - 76 stones (quivered)
 u - 7 boomerangs
 v - 8 datura-tipped darts
Armour
 b - a +0 hat (worn)
 c - a +0 robe of cold resistance (worn)
 C - a +1 shield of protection
Jewellery
 s - a +3 amulet of reflection (around neck)
 B - a ring of resist corrosion (left claw)
Wands
 g - a wand of paralysis (9)
 q - a wand of disintegration (6)
 y - a wand of digging (5)
Scrolls
 r - a scroll of fog
Potions
 a - a potion of curing {unknown}
 f - 2 potions of haste
 i - a potion of magic
 l - a potion of brilliance
 n - 3 potions of might
 p - a potion of flight {unknown}
 t - a potion of invisibility
 z - a potion of mutation {unknown}
Comestibles
 d - 13 rations
 w - 7 chunks of flesh


   Skills:
 - Level 1.7 Dodging
 - Level 1.7 Stealth
 * Level 6.2 Spellcasting
 * Level 5.9 Conjurations
   Level 1.0 Summonings
 - Level 0.8 Translocations
 * Level 4.9 Air Magic


You had 10 spell levels left.
You knew the following spells:

 Your Spells              Type           Power        Failure   Level  Hunger
a - Magic Dart            Conj           ####         1%          1    None
b - Blink                 Tloc           N/A          10%         2    None
c - Conjure Flame         Conj/Fire      ###.....     8%          3    #......
d - Mephitic Cloud        Conj/Pois/Air  ###.....     6%          3    #......

Your spell library contained the following spells:

 Spells                   Type           Power        Failure   Level  Hunger
 Sting                    Conj/Pois      ###.         2%          1    None
 Call Imp                 Summ           ##......     9%          2    None
 Slow                     Hex            #.......     14%         2    None


Dungeon Overview and Level Annotations

Branches:
Dungeon (7/15)             Temple (1/1) D:4           Sewer (visited)

Altars:
Ashenzari
Dithmenos
Elyvilon
Fedhas
Gozag
Hepliaklqana
Kikubaaqudgha
Makhleb
Nemelex Xobeh
Okawaru
Qazlal
Ru
Sif Muna
Trog
Uskayaw
Vehumet
Wu Jian
Xom
Yredelemnul
Zin
The Shining One

Portals:
Ossuary: D:7

Annotations:
D:3 Grinder
D:4 Edmund


Innate Abilities, Weirdness & Mutations

You have sharp fingernails.
You regenerate health from kills.
Your movements are slightly less encumbered by armour. (ER -2)


Message History

The orc warrior is moderately wounded.
The helpless orc warrior fails to defend itself.
You hit the orc warrior.
The orc warrior is heavily wounded.
The helpless orc warrior fails to defend itself.
You slash the orc warrior!
The orc warrior is severely wounded.
The helpless orc warrior fails to defend itself.
You hit the orc warrior.
The orc warrior is almost dead.
The orc warrior is no longer paralysed.
The orc warrior hits you with a +2 vampiric halberd!
The orc warrior draws strength from your wounds!
The orc warrior hits you with a +2 vampiric halberd!
* * * LOW HITPOINT WARNING * * *
The orc warrior draws strength from your wounds!
You closely miss the orc warrior.
The orc warrior is heavily wounded.
The orc warrior hits you with a +2 vampiric halberd!
You die...

#.... #.... .....
#.... ..../ #....
.....#########....
#.#..#.#..........
#.#..#%#..........
#.#....####.###.##
#!#....)........#
#@###))####.######
#o#%o.>.÷)c÷.....#
#.#(##.####.......
#..(##...<......#.
#########.#.......
...#.......
#.###.###... #.
... ... # ##. ..


You could see an orc warrior.

Vanquished Creatures
  A sky beast (D:6)
  An orc warrior (D:6)
  2 ice beasts
  An ogre (D:4)
  2 centaurs
  A big kobold (Sewer)
  2 bullfrogs (D:7)
  2 crimson imps (D:5)
  A bullfrog skeleton (D:6)
  A centaur zombie (D:5)
  2 jellies
  2 orc priests
  An orc wizard (D:6)
  A worker ant (D:5)
  A worker ant zombie (D:5)
  7 adders
  2 shadow imps (D:5)
  An ooze (Sewer)
  An adder skeleton (D:4)
  3 worms
  A dart slug (D:2)
  4 leopard geckos
  3 orcs
  14 bats
  8 giant cockroaches
  6 goblins
  6 hobgoblins
  4 jackals (D:2)
  2 quokkas
  3 ball pythons
  5 frilled lizards
  13 kobolds
  9 rats
113 creatures vanquished.

Notes
Turn   | Place    | Note
-------+----------+-------------------------------------------
     0 | D:1      | Chiseanne the Demonspawn Wizard began the quest for the
                  | Orb.
     0 | D:1      | Reached XP level 1. HP: 13/13 MP: 4/4
   256 | D:1      | Gained mutation: You regenerate a little health from kills.
                  | [demonic ancestry]
   256 | D:1      | Reached XP level 2. HP: 19/19 MP: 0/6
  1146 | D:2      | Gained mutation: Your movements are slightly less
                  | encumbered by armour. (ER -2) [demonic ancestry]
  1146 | D:2      | Reached XP level 3. HP: 24/24 MP: 0/8
  1218 | D:2      | Learned a level 2 spell: Blink
  1222 | D:2      | Learned a level 3 spell: Conjure Flame
  1226 | D:2      | Learned a level 3 spell: Mephitic Cloud
  1864 | D:2      | Found a shattered altar of Ashenzari.
  2014 | D:2      | Reached skill level 1 in Air Magic
  2014 | D:2      | Gained mutation: You regenerate health from kills. [demonic
                  | ancestry]
  2014 | D:2      | Reached XP level 4. HP: 27/30 MP: 1/9
  2691 | D:3      | Noticed Grinder
  2692 | D:3      | Paralysed by Grinder for 5 turns
  3350 | D:4      | Found a glowing drain.
  3375 | Sewer    | Entered a sewer
  3548 | Sewer    | Reached skill level 4 in Spellcasting
  3733 | Sewer    | Noticed a big kobold
  3743 | Sewer    | Killed a big kobold
  3743 | Sewer    | Gained mutation: You have sharp fingernails. [demonic
                  | ancestry]
  3743 | Sewer    | Reached XP level 5. HP: 34/35 MP: 0/11
  4085 | D:4      | Found a staircase to the Ecumenical Temple.
  4098 | Temple   | Entered the Ecumenical Temple
  4362 | Temple   | Became a worshipper of Vehumet
  4392 | D:4      | Noticed an ogre
  4411 | D:4      | Killed an ogre
  4411 | D:4      | Reached XP level 6. HP: 7/41 MP: 1/12
  4737 | D:4      | Noticed Edmund
  4879 | D:5      | Entered Level 5 of the Dungeon
  5198 | D:5      | Noticed an ice beast
  5605 | D:5      | Killed an ice beast
  5605 | D:5      | Reached skill level 5 in Spellcasting
  5605 | D:5      | Reached XP level 7. HP: 30/46 MP: 3/14
  6601 | D:6      | Reached skill level 5 in Conjurations
  6780 | D:6      | Reached XP level 8. HP: 33/52 MP: 4/16
  7078 | D:6      | Found a hide-covered altar of Uskayaw.
  7358 | D:7      | Reached skill level 6 in Spellcasting
  7388 | D:7      | Found a sand-covered staircase.
  7422 | D:7      | Reached * piety under Vehumet
  7422 | D:7      | Offered knowledge of Sting by Vehumet.
  7465 | D:7      | Mangled by an orc warrior

Levels and vault maps discovered:
D:1:      saegor_arrival_under_anarchy, layout_loops_cross, serial_glass,
          glass_columns_b, glass_columns_a, glass_columns_a, glass_columns_c,
          kennysheep_pointless_box, minmay_misc_feat_x
D:2:      layout_loops_ring, first_ration, nrook_loot_triangle,
          chequers_serial_rivers_small_a, nicolae_ashenzari_panopticon
D:3:      layout_basic, minmay_misc_feat_tiny, uniq_grinder
D:4:      layout_layer_cave, minmay_temple_entry_butterflies,
          cheibrodos_sewer_entry_drain, uniq_edmund
D:5:      layout_gridville, nicolae_overflow_hidden_temple,
          minmay_fractal_squares_diagonal_5
D:6:      layout_basic, basic_altar
D:7:      layout_basic, nicolae_ossuary_entry_ruins, basic_altar,
          ebering_ghost_rock_garden
Temple:   regret_index_temple_sigil_plot

Skill      XL: |  1  2  3  4  5  6  7  8 |
---------------+-------------------------+-----
Conjurations   | 2 3 4 5 |  5.9
Air Magic      | 1 2 3 4 |  4.9
Spellcasting   | 4 5 6 |  6.2
Dodging        | |  1.7
Stealth        | |  1.7
Summonings     | |  1.0
Translocations | |  0.8

Action                   |  1- 3 |  4- 6 |  7- 9 || total
-------------------------+-------+-------+-------++-------
Melee: Dagger            |     7 |       |       ||     7
       Spear             |     8 |       |       ||     8
       Long sword        |     1 |    49 |    20 ||    70
       Battleaxe         |       |       |     7 ||     7
 Cast: Magic Dart        |    87 |   133 |    54 ||   274
       Blink             |       |     3 |       ||     3
       Mephitic Cloud    |       |     4 |     6 ||    10
       Conjure Flame     |       |     3 |     7 ||    10
Evoke: Wand              |       |       |     9 ||     9
  Use: Scroll            |       |     8 |     4 ||    12
       Potion            |       |     5 |       ||     5
 Stab: Paralysed         |       |       |     6 ||     6
       Sleeping          |       |       |     1 ||     1
  Eat: Chunk             |     3 |     8 |     6 ||    17
       Ration            |       |     1 |       ||     1
Armor: Robe              |     9 |    18 |     4 ||    31
Dodge: Dodged            |    30 |    44 |    23 ||    97
Block: Other             |       |     8 |     1 ||     9
       Rpst.: Long sword |     5 |    14 |     8 ||    27

Table legend:
 A = Non-vault XP
 B = Vault XP
 C = Vault XP percentage of total XP
 D = Non-vault monster count
 E = Vault monster count
 F = Vault count percentage of total count
                 A         B        C        D         E       F
            +---------+---------+-------+---------+---------+-------
      Total |    1488 |     366 |  19.7 |      92 |      21 |  18.6
            +---------+---------+-------+---------+---------+-------
        D:1 |      33 |       0 |   0.0 |      20 |       0 |   0.0
        D:2 |      76 |       0 |   0.0 |      32 |       0 |   0.0
        D:3 |      25 |       0 |   0.0 |       7 |       0 |   0.0
        D:4 |     144 |       2 |   1.4 |       5 |       2 |  28.6
        D:5 |     122 |     224 |  64.7 |       6 |       4 |  40.0
        D:6 |     725 |       0 |   0.0 |      14 |       0 |   0.0
        D:7 |     363 |       0 |   0.0 |       8 |       0 |   0.0
      Sewer |       0 |     140 | 100.0 |       0 |      15 | 100.0
            +---------+---------+-------+---------+---------+-------
